 Dungeon Crawl Stone Soup version 0.29.0-4-gdea44cf6ec (webtiles) character file.

Game seed: 6334475168764768241

51 qw the Trooper (level 3, -1/30 HPs)
             Began as a Ghoul Fire Elementalist on Aug 30, 2022.
             Slain by a hobgoblin (3 damage)
             ... led by Robin
             ... on level 2 of the Dungeon.
             The game lasted 00:00:54 (883 turns).

qw the Trooper (Ghoul Fire Elementalist)             Turns: 883, Time: 00:00:54

Health: -1/30      AC:  6    Str: 13    XL:     3   Next: 83%
Magic:  4/4        EV: 10    Int: 10    God:
Gold:   75         SH:  0    Dex:  9    Spells: 4/5 levels left

rFire   . . .      SeeInvis .     - Unarmed
rCold   + . .      Faith    .   (no shield)
rNeg    + + +      Spirit   .   g - +0 ring mail
rPois   inf        Reflect  .   (no helmet)
rElec   .          Harm     .   (no cloak)
rCorr   .          Rampage  .   c - +0 pair of gloves
Will    .....                   (no boots)
Stlth   +.........              (no amulet)
HPRegen 0.00/turn               (no ring)
MPRegen 0.09/turn               (no ring)

@: inhibited regen
A: claws 1, cold resistance 1, negative energy resistance 3, inhibited
regeneration, torment resistance 2, devour on kill
a: no special abilities


You were on level 2 of the Dungeon.
You visited 1 branch of the dungeon, and saw 2 of its levels.

You collected 75 gold pieces.


Innate Abilities, Weirdness & Mutations

You are immune to poison.
You have sharp fingernails.
Your flesh is cold resistant. (rC+)
You are immune to negative energy. (rN+++)
You do not regenerate when monsters are visible.
You are immune to unholy pain and torment.
You thrive by killing the living.


   Skills:
 - Level 2.6 Fighting
 - Level 1.7 Dodging
 - Level 2.1 Stealth
 + Level 2.2 Unarmed Combat
 - Level 1.7 Spellcasting
 - Level 0.7 Conjurations
 - Level 2.4 Fire Magic


You had 4 spell levels left.
You knew the following spells:

 Your Spells              Type           Power      Damage    Failure   Level
a - Foxfire               Conj/Fire      16%        2x1d4     36%         1

Your spell library contained the following spells:

 Spells                   Type           Power      Damage    Failure   Level
 Scorch                   Fire           10%        2d5       36%         2
 Conjure Flame            Conj/Fire      4%         6-21      73%         3
 Inner Flame              Hex/Fire       3%         N/A       78%         3
 Flame Wave               Conj/Fire      4%         2d5       98%         4

Inventory:

Armour
 c - a +0 pair of gloves (worn)
 g - a +0 ring mail (worn)
Scrolls
 a - a scroll of immolation {unknown}
Potions
 d - a potion of resistance {unknown}
 f - a potion of invisibility {unknown}

Dungeon Overview and Level Annotations

Branches:
Dungeon (2/15)

Altars:

Annotations:
D:2 Robin


Message History

The goblin hits you but does no damage. The hobgoblin closely misses you.
You hit the hobgoblin.
The hobgoblin is almost dead.
The goblin no longer looks unusually strong. x2
The hobgoblin closely misses you.
Robin roars a battlecry!
The goblin goes into a battle-frenzy!
The goblin hits you with a +0 club.
You closely miss the hobgoblin.
The hobgoblin is almost dead.
The hobgoblin no longer looks unusually strong.
The hobgoblin hits you but does no damage.
The goblin hits you but does no damage.
You hit the hobgoblin.
You kill the hobgoblin!
The goblin closely misses you.
You hit the goblin.
You kill the goblin!
You feel better.
The goblin no longer looks unusually strong.
The goblin misses you.
You barely miss the goblin. The goblin hits you with a +0 club.
The goblin hits you with a +0 dagger.
Robin says, "Bow before me, strongest of all the hobgoblins!"
You closely miss the goblin.
Robin roars a battlecry!
The goblin goes into a battle-frenzy!
The goblin hits you with a +0 dagger. The goblin closely misses you.
You hit the goblin but do no damage. The goblin misses you.
The goblin hits you with a +0 dagger.
You hit the goblin.
You kill the goblin!
You feel better.
The hobgoblin no longer looks unusually strong.
The goblin hits you with a +0 club.
You barely miss the hobgoblin. The goblin hits you with a +0 club.
The hobgoblin closely misses you.
You barely miss the hobgoblin. The hobgoblin hits you.
You die...

.....#### ..
.......[# #.
##.#....# #.
......#.##.#
.........#
.......##
#.gg.!.# #g#
#@#
...########g#
............#
#..####.###.#
#..# #.# #.#
...# #.# #.#
#..# ##.###..
#..###...######
#....>........#


You could see Robin, a hobgoblin and 2 goblins.

Vanquished Creatures
  Jessica (D:2)
  An endoplasm (D:1)
  2 giant cockroaches (D:1)
  4 hobgoblins
  A ball python (D:2)
  2 bats
  A frilled lizard (D:2)
  8 goblins
  4 rats (D:1)
24 creatures vanquished.

Notes
Turn   | Place    | Note
-------+----------+-------------------------------------------
     0 | D:1      | qw the Ghoul Fire Elementalist began the quest for the Orb.
     0 | D:1      | Reached XP level 1. HP: 14/14 MP: 2/2
     0 | D:1      | 0 ||| qw: Version: 0.1-a-90-g952f4b7
     0 | D:1      | 0 ||| qw: Game counter: 4266
     0 | D:1      | 0 ||| qw: Always use a shield: true
     0 | D:1      | 0 ||| qw: God list: Okawaru
     0 | D:1      | 0 ||| qw: Allow faded altars: false
     0 | D:1      | 0 ||| qw: Do Orc after D:15 true
     0 | D:1      | 0 ||| qw: Do second Lair branch before Depths: true
     0 | D:1      | 0 ||| qw: Lair rune preference: random
     0 | D:1      | 0 ||| qw: Plans: Normal
     0 | D:1      | 0 ||| PLANNING D:1-11
   159 | D:1      | Reached skill level 1 in Unarmed Combat
   340 | D:1      | You fall into a shaft and drop 1 floor!
   362 | D:2      | 362 ||| UPGRADING to +0 ring mail.
   372 | D:2      | 372 ||| DROPPING +0 robe.
   373 | D:2      | 373 ||| READING scroll labelled EMIELA ZAOM.
   374 | D:2      | 374 ||| READING scroll labelled FUP NIOLISU.
   375 | D:2      | 375 ||| READING scroll labelled UNABBU ZEIT.
   376 | D:2      | 376 ||| DROPPING potion of magic.
   378 | D:2      | Noticed Jessica
   379 | D:2      | 379 ||| Stepping ~*~*~tactically~*~*~ (hiding).
   386 | D:2      | Killed Jessica
   387 | D:2      | Reached XP level 2. HP: 14/25 MP: 3/3
   387 | D:2      | Reached XP level 3. HP: 17/30 MP: 4/4
   789 | D:1      | 789 ||| UPGRADING to +0 pair of gloves.
   794 | D:1      | 794 ||| READING scroll labelled FIXOEPHOAD.
   795 | D:1      | 795 ||| READING scroll labelled HAONAU NAYS.
   846 | D:2      | 846 ||| Stepping ~*~*~tactically~*~*~ (outnumbered).
   858 | D:2      | Noticed Robin
   880 | D:2      | HP: 5/30 [goblin/+0 dagger[Robin] (5)]
   882 | D:2      | HP: 2/30 [goblin/+0 club[Robin] (2)]
   883 | D:2      | Slain by a hobgoblin

Levels and vault maps discovered:
D:1:      saegor_arrival_simple_c, layout_rooms, minmay_tromino_v4_b
D:2:      layout_loops_ring, minmay_cut_off, uniq_robin, uniq_jessica

Skill      XL: |  1  2  3 |
---------------+----------+-----
Unarmed Combat | 1 2 |  2.2
Fighting       | 2 |  2.6
Dodging        | |  1.7
Stealth        | |  2.1
Spellcasting   | |  1.7
Conjurations   | |  0.7
Fire Magic     | |  2.4

Action                   || total
-------------------------++-------
Melee: Unarmed           ||    87
       Punch             ||     1
  Use: Scroll            ||     5
Armor: Robe              ||     4
       Ring mail         ||    24
Dodge: Dodged            ||    40

Table legend:
 A = Non-vault XP
 B = Vault XP
 C = Vault XP percentage of total XP
 D = Non-vault monster count
 E = Vault monster count
 F = Vault count percentage of total count
                 A         B        C        D         E       F
            +---------+---------+-------+---------+---------+-------
      Total |      19 |      55 |  74.3 |      14 |      10 |  41.7
            +---------+---------+-------+---------+---------+-------
        D:1 |      16 |       2 |  11.1 |      11 |       1 |   8.3
        D:2 |       3 |      53 |  94.6 |       3 |       9 |  75.0
            +---------+---------+-------+---------+---------+-------
